 Dungeon Crawl Stone Soup version 0.19-a0-1513-gf6d23ed (webtiles) character file.

76 TheGoonsmith the Cutter (level 4, 0/23 HPs)
             Began as a Vine Stalker Gladiator on Sept 12, 2016.
             Killed from afar by a dart slug (1 damage)
             ... with a slug dart
             ... on level 2 of the Dungeon.
             The game lasted 00:03:06 (1446 turns).

TheGoonsmith the Cutter (Vine Stalker Gladiator)    Turns: 1446, Time: 00:03:06

Health: 0/23       AC:  8    Str: 17    XL:     4   Next: 32%
Magic:  0/5        EV: 12    Int:  8    God:
Gold:   146        SH:  0    Dex: 14    Spells: 0 memorised, 3 levels left

rFire  . . .     SeeInvis .     n - +3 short sword
rCold  . . .     Gourm    .     b - +0 leather armour
rNeg   . . .     Faith    .     (no shield)
rPois  .         Spirit   +     c - +0 helmet
rElec  .         Dismiss  .     m - +0 cloak
rCorr  .         Reflect  .     (no gloves)
MR     .....     Harm     .     i - +0 pair of boots
Stlth  +.........               (no amulet)
                                (no ring)
                                (no ring)

@: no status effects
A: fangs 2, molten scales 1, clumsy 1, regeneration 2, magic shield, antimagic
bite, no device heal 3, rot immunity
a: no special abilities


You were on level 2 of the Dungeon.
You were not hungry.

You visited 1 branch of the dungeon, and saw 2 of its levels.

You collected 146 gold pieces.

Inventory:

Hand Weapons
 a - a +0 rapier
 n - a +3 short sword (weapon)
Missiles
 d - 3 throwing nets (quivered)
Armour
 b - a +0 leather armour (worn)
 c - a +0 helmet (worn)
 i - a +0 pair of boots (worn)
 m - a +0 cloak (worn)
Jewellery
 g - a cursed ring of teleportation {unknown}
Scrolls
 e - a scroll of enchant weapon {unknown}
 j - 3 scrolls of enchant armour {unknown}
 k - 2 scrolls of identify {unknown}
Potions
 l - a potion of heal wounds {unknown}
 q - a potion of might {unknown}
Comestibles
 f - 3 bread rations
 h - a meat ration
 o - a fruit
 p - a chunk of flesh


   Skills:
 + Level 2.5 Fighting
 * Level 4.1 Short Blades
 - Level 1.7 Throwing
 - Level 2.4 Dodging


You had 3 spell levels left.
You didn't know any spells.

Dungeon Overview and Level Annotations

Branches:
Dungeon (2/15)

Altars:
Ashenzari
Xom


Innate Abilities, Weirdness & Mutations

You have extremely sharp teeth.
You heal very quickly.
When hurt, damage is shared between your health and your magic reserves.
Your bite disrupts and absorbs the magic of your enemies.
Potions and wands cannot restore your health.
You are immune to rotting.
You are partially covered in molten scales. (AC +2)
You are clumsy. (Dex -2)


Message History

Unknown command.
You can't do that while held in a net.
You tear a large gash into the net.
The gnoll hits you from afar with a halberd.
The dart slug bites you but does no damage.
The gnoll barely misses you.
The gnoll hits you from afar with a halberd!
Unknown command.
You struggle against the net.
The gnoll hits you from afar with a halberd.
The gnoll barely misses you. The gnoll hits you.
* * * LOW HITPOINT WARNING * * *
The dart slug bites you but does no damage.
The gnoll hits you but does no damage.
Unknown command.
You rip the net and break free!
The gnoll misses you. x2; The gnoll hits you.
* * * LOW HITPOINT WARNING * * *
The dart slug launches a dart at you. The slug dart hits you!
You die...

......###.........#
.......###.###.####
.........#.###.#########
......#.÷....#.......(.#
......##).##.#.........#
#########.##...........#
.........................
#########.#####........##
$.# ...# #...#
#.@wg...... ..# ...#
#.#.# #.ggg...... ...
...# #.#.# #..........
#.. ...# #.#.#
########... ...
.).####.#.### #...#####..
.(..........########
.........
...###.............#
###.w
#..###.#####.#####.# .#
#.... ##...#.# #.#
#.####..# #†#..


You could see 4 gnolls and a dart slug.

Vanquished Creatures
  4 adders (D:2)
  2 worms (D:2)
  A dart slug (D:1)
  A giant gecko (D:1)
  A giant cockroach (D:1)
  2 goblins
  4 hobgoblins
  2 quokkas (D:2)
  7 bats
  A giant newt (D:1)
  4 kobolds
  6 rats
35 creatures vanquished.

Notes
Turn   | Place    | Note
-------+----------+-------------------------------------------
     0 | D:1      | TheGoonsmith the Vine Stalker Gladiator began the quest for the Orb.
     0 | D:1      | Reached XP level 1. HP: 11/11 MP: 2/2
   284 | D:1      | Reached skill level 3 in Short Blades
   284 | D:1      | Reached XP level 2. HP: 4/15 MP: 1/3
  1113 | D:2      | Found a shattered altar of Ashenzari.
  1120 | D:2      | Reached XP level 3. HP: 16/18 MP: 4/4
  1233 | D:2      | Gained mutation: You are clumsy. (Dex -2) [potion of mutation]
  1233 | D:2      | Gained mutation: You are partially covered in molten scales. (AC +2) [potion of mutation]
  1233 | D:2      | Gained mutation: Your natural rate of healing is unusually fast. [potion of mutation]
  1317 | D:2      | Gained mutation: You heal very quickly. [Vine Stalker growth]
  1317 | D:2      | Reached XP level 4. HP: 23/23 MP: 5/5
  1360 | D:2      | Reached skill level 4 in Short Blades
  1413 | D:2      | Found a shimmering altar of Xom.
  1446 | D:2      | HP: 1/23 [gnoll (3)]
  1446 | D:2      | Killed from afar by a dart slug

Vault maps used:
D:1:      lightli_iron_boxes, minmay_tetromino_i2
D:2:      evilmike_ruin_ashenzari, xom_teletrap_fun

Skill      XL: |  1  2  3  4 |
---------------+-------------+-----
Fighting       | 2 |  2.5
Short Blades   | 3 4 |  4.1
Throwing       | |  1.7
Dodging        | |  2.4

Action                   |  1- 3 |  4- 6 || total
-------------------------+-------+-------++-------
Melee: Rapier            |    65 |       ||    65
       Bite              |    24 |     8 ||    32
       Short sword       |    15 |    29 ||    44
  Use: Potion            |     1 |       ||     1
  Eat: Chunk             |     1 |     1 ||     2
Armor: Leather armour    |    36 |     8 ||    44
Dodge: Dodged            |    54 |    20 ||    74
